 Dungeon Crawl Stone Soup version 0.29-a0-872-g797fff5ad1 (webtiles) character file.

Game seed: 4803391821293500764

39 jimonade the Sneak (level 3, -9/22 HPs)
             Began as a Kobold Brigand on July 19, 2022.
             Mangled by Terence
             ... wielding a +4 falchion
              (11 damage)
             ... on level 2 of the Dungeon.
             The game lasted 00:02:45 (1853 turns).

jimonade the Sneak (Kobold Brigand)                 Turns: 1853, Time: 00:02:45

Health: -9/22      AC:  3    Str:  8    XL:     3   Next: 67%
Magic:  0/3        EV: 14    Int: 12    God:
Gold:   26         SH:  0    Dex: 18    Spells: 2/2 levels left

rFire   . . .      SeeInvis .   a - +2 dagger
rCold   . . .      Faith    .   (no shield)
rNeg    . . .      Spirit   +   b - +0 robe
rPois   .          Reflect  .   (no helmet)
rElec   .          Harm     .   c - +0 cloak
rCorr   .          Rampage  .   (no gloves)
Will    .....                   (no boots)
Stlth   +++++.....              l - amulet of guardian spirit
HPRegen 0.07/turn               (no ring)
MPRegen 0.08/turn               (no ring)

@: hasted, very quick
A: small, no large weapons, nightstalker 3
a: no special abilities


You were on level 2 of the Dungeon.
You visited 1 branch of the dungeon, and saw 2 of its levels.

You collected 26 gold pieces.

Inventory:

Hand Weapons
 a - a +2 dagger (weapon)
Missiles
 d - 14 poisoned darts (quivered)
 e - 3 curare-tipped darts
 p - 5 stones
Armour
 b - a +0 robe (worn)
 c - a +0 cloak (worn)
 o - a +0 scale mail
 q - a +0 helmet
Jewellery
 l - an amulet of guardian spirit (around neck)
 n - an amulet of the acrobat
Scrolls
 f - a scroll of identify
 i - a scroll of amnesia {unknown}
 k - a scroll of fog {unknown}
Potions
 g - a potion of mutation
 h - a potion of haste
 j - a potion of curing {unknown}
 m - a potion of attraction {unknown}


   Skills:
 + Level 2.5 Fighting
 + Level 2.9 Short Blades
 - Level 2.1 Throwing
 + Level 1.3 Dodging
 * Level 6.7 Stealth


You had 2 spell levels left.
You didn't know any spells.
Your spell library contained the following spells:

 Spells                   Type           Power      Damage    Failure   Level
 Sting                    Tmut/Pois      0%         1d3       32%         1
 Poisonous Vapours        Pois/Air       0%         N/A       45%         2
 Corpse Rot               Necr/Pois/Air  0%         N/A       97%         4
 Olgreb's Toxic Radiance  Pois           0%         N/A       97%         4


Dungeon Overview and Level Annotations

Branches:
Dungeon (2/15)

Altars:

Shops:
D:2 *

Annotations:
D:2 Terence


Innate Abilities, Weirdness & Mutations

You are small and have problems with some larger weapons.
You are completely attuned to the shadows.


Message History

You impale the ball python!!
You kill the ball python!
No target in view!
A rat comes into view.
A rat is nearby!
The helpless rat fails to defend itself.
You stick the rat like a pincushion!!!
You kill the rat!
n - an amulet of the acrobat A ball python comes into view.
The helpless ball python fails to defend itself.
You impale the ball python!!
You kill the ball python!
Found a scale mail.
You see here a +0 scale mail.
Found 5 stones.
You see here a +0 scale mail.
o - a +0 scale mail You see here 5 stones.
p - 5 stones You pick up a Young Poisoner's Handbook and begin reading...
You add the spells Sting and Olgreb's Toxic Radiance to your library.
Found a helmet.
No target in view!
Terence the Incautious comes into view.
He is wielding a +4 falchion.
Terence shouts!
Terence hits you with a +4 falchion!
You see here a +0 helmet.
q - a +0 helmet Terence hits you with a +4 falchion!
* * * LOW HITPOINT WARNING * * *
As you read the scroll labelled ULIMMOTUEBI, it crumbles to dust.
It is a scroll of identify.
g - a potion of mutation Terence hits you with a +4 falchion.
* * * LOW HITPOINT WARNING * * *
It was a potion of haste.
You feel yourself speed up. Terence hits you with a +4 falchion!
Ouch! That really hurt!
You die...

.# #.# . #####
.# #.#
.######.#
........#
.######## .# .#
# .#
#########.# ...
#......@@.#
##.#
#.######### .#
#.# #.#
#####.#### ##.#
#......... .#.#
#......... ...#
#.........
...###.........


You could see Terence.

Vanquished Creatures
  2 dart slugs (D:1)
  4 ball pythons
  2 endoplasms (D:1)
  3 giant cockroaches (D:1)
  4 goblins (D:1)
  3 hobgoblins (D:1)
  4 kobolds (D:1)
  2 quokkas (D:1)
  2 bats (D:1)
  A frilled lizard (D:1)
  5 rats
32 creatures vanquished.

Notes
Turn   | Place    | Note
-------+----------+-------------------------------------------
     0 | D:1      | jimonade the Kobold Brigand began the quest for the Orb.
     0 | D:1      | Reached XP level 1. HP: 12/12 MP: 1/1
   273 | D:1      | Reached XP level 2. HP: 18/18 MP: 2/2
   417 | D:1      | Reached skill level 6 in Stealth
   609 | D:1      | Reached XP level 3. HP: 22/22 MP: 3/3
  1669 | D:2      | Found Kiaxzeuh's General Store.
  1848 | D:2      | Noticed Terence
  1853 | D:2      | Mangled by Terence

Illustrated notes

Levels and vault maps discovered:
D:1:      heliophobic_arrival_glass_houses, layout_basic
D:2:      layout_loops_ring, serial_shops, nicolae_shop_hallway_plus,
          chequers_serial_rivers_large_a, minmay_3d_cube, uniq_terence

Skill      XL: |  1  2 |
---------------+-------+-----
Stealth        | 6 |  6.7
Fighting       | |  2.5
Short Blades   | |  2.9
Throwing       | |  2.1
Dodging        | |  1.3

Action                   || total
-------------------------++-------
Melee: Dagger            ||    57
  Use: Scroll            ||     1
       Potion            ||     1
 Stab: Sleeping          ||    24
Armor: Robe              ||     3
Dodge: Dodged            ||    27

Table legend: (Time is in decaauts)
 A = Elapsed time spent in this place.
 B = Non-inter-level travel time spent in this place.
 C = Inter-level travel time spent in this place.
 D = Time resting spent in this place.
 E = Time spent auto-exploring this place.
 F = Levels seen in this place.
 G = Mean time per level.
                   A        B        C        D        E       F      G
               +--------+--------+--------+--------+--------+-----+--------+
         Total |   1846 |   1821 |     25 |    177 |   1372 |   2 |  923.0 |
       Dungeon |   1846 |   1821 |     25 |    177 |   1372 |   2 |  923.0 |
               +--------+--------+--------+--------+--------+-----+--------+

Top non-repeatable levels by time:
     D:1: 1614 daAuts
     D:2: 232 daAuts
